 Dungeon Crawl Stone Soup version 0.21.1-1-g345015fe64 (webtiles) character file.

1217 HessuHobo the Basher (level 8, -2/78 HPs)
             Began as a Troll Berserker on May 23, 2018.
             Was an Elder of Trog.
             Slain by an orc warrior
             ... wielding a +0 dire flail
              (14 damage)
             ... on level 6 of the Dungeon.
             The game lasted 00:09:51 (4060 turns).

HessuHobo the Basher (Troll Berserker)              Turns: 4060, Time: 00:09:52

Health: -2/78      AC:  5    Str: 28    XL:     8   Next: 22%
Magic:  0/16       EV: 10    Int:  3    God:    Trog [****..]
Gold:   246        SH:  0    Dex:  9    Spells: 7/7 levels left

rFire    . . .     SeeInvis +   s - +4 long sword (holy)
rCold    . . .     Gourm    +   (no shield)
rNeg     . . .     Faith    .   b - +0 animal skin
rPois    .         Spirit   +   (helmet restricted)
rElec    .         Reflect  .   (no cloak)
rCorr    .         Harm     .   (gloves unavailable)
MR       ++...                  (boots unavailable)
Stlth    +.........             o - amulet of guardian spirit
HPRegen  1.63/turn              k - ring of magical power
MPRegen  0.15/turn              v - ring of see invisible

@: berserk cooldown, regenerating, slowed, very slow
A: large, unfitting armour, claws 3, fast metabolism 3, gourmand, regeneration
1, shaggy fur 1, tough skin 2
a: Berserk, Trog's Hand, Brothers in Arms, Burn Spellbooks, Renounce Religion


You were on level 6 of the Dungeon.
You worshipped Trog.
Trog was greatly pleased with you.
You were not hungry.

You visited 1 branch of the dungeon, and saw 6 of its levels.

You collected 246 gold pieces.

Inventory:

Hand Weapons
 a - a +1 mace
 s - a +4 long sword of holy wrath (weapon)
 t - a +0 giant club
Armour
 b - a +0 animal skin (worn)
Jewellery
 k - a ring of magical power (left claw)
 o - an amulet of guardian spirit (around neck)
 v - a ring of see invisible (right claw)
Scrolls
 d - 3 scrolls of random uselessness
 f - 2 scrolls of identify
 h - a scroll of teleportation
 l - a scroll of fear
 u - a scroll of remove curse
Potions
 g - a potion of agility
 j - 2 potions of berserk rage
 n - a potion of haste
 r - a potion of flight
Comestibles
 c - 9 rations


   Skills:
 + Level 4.1 Fighting
 * Level 8.0 Maces & Flails
 * Level 2.7 Armour
 - Level 2.4 Dodging


You had 7 spell levels left.
You didn't know any spells.

Dungeon Overview and Level Annotations

Branches:
Dungeon (6/15)
 Temple: D:4-7

Altars:
Cheibriados
Dithmenos
Nemelex Xobeh
Ru


Innate Abilities, Weirdness & Mutations

You are too large for most types of armour.
You have claws for hands.
Your metabolism is lightning-fast.
You like to eat raw meat.
Your natural rate of healing is unusually fast.
You are covered in fur. (AC +1)
You have very tough skin. (AC +2)


Message History

You feel somewhat more hungry. The orc warrior closely misses you.
You fail to use your ability.
The orc warrior hits you with a dire flail.
* * * LOW HITPOINT WARNING * * *
The orc warrior hits you with a dire flail.
* * * LOW HITPOINT WARNING * * *
You fail to use your ability.
The orc priest casts a cantrip, but nothing happens.
The orc warrior barely misses you.
You riposte.
You hit the orc warrior.
The orc warrior is lightly wounded.
You barely miss the orc warrior.
The orc warrior is lightly wounded.
The orc warrior hits you with a dire flail!
* * * LOW HITPOINT WARNING * * *
The orc warrior closely misses you.
The orc priest looks braver for a moment.
You fail to use your ability.
The orc warrior barely misses you.
You fail to use your ability.
The orc warrior hits you with a dire flail!
You die...

## # #. .# #.
###.##.## #.
#........ #o #@#
#o #o# #.##o# #
#).o# #.
##).####.## #.#
##..........
#..###.#####....
#...#..# ... .#
#.##### .....


You could see an orc warrior, an orc priest and an orc.

Vanquished Creatures
  A sky beast (D:5)
  3 ogres
  3 centaurs
  Blork the orc (D:4)
  A bullfrog zombie (D:5)
  A howler monkey (D:5)
  2 crimson imps (D:5)
  2 hounds (D:4)
  2 centaur skeletons (D:4)
  A bullfrog skeleton (D:6)
  An orc priest (D:3)
  2 orc wizards
  Natasha (D:3)
  A worker ant (D:5)
  3 adders
  An adder zombie (D:5)
  3 worms
  4 dart slugs
  4 leopard geckos
  10 orcs
  2 giant cockroaches
  10 goblins
  8 hobgoblins
  7 jackals
  3 kobolds
  A quokka (D:2)
  A ball python (D:2)
  8 bats
  10 frilled lizards
  A jackal skeleton (D:4)
  10 rats
108 creatures vanquished.

Notes
Turn   | Place    | Note
-------+----------+-------------------------------------------
     0 | D:1      | HessuHobo the Troll Berserker began the quest for the Orb.
     0 | D:1      | Reached XP level 1. HP: 22/22 MP: 0/0
   181 | D:1      | Reached skill level 3 in Maces & Flails
   183 | D:1      | Reached XP level 2. HP: 29/29 MP: 1/1
   466 | D:1      | Reached ** piety under Trog
   491 | D:1      | Reached XP level 3. HP: 36/36 MP: 2/2
   638 | D:2      | Found a snail-covered altar of Cheibriados.
   854 | D:2      | Reached skill level 1 in Armour
  1088 | D:2      | Reached XP level 4. HP: 44/44 MP: 3/3
  1339 | D:3      | Reached skill level 4 in Maces & Flails
  1383 | D:3      | Reached *** piety under Trog
  1463 | D:3      | Found a sparkling altar of Nemelex Xobeh.
  1604 | D:3      | Noticed Natasha
  1611 | D:3      | Killed Natasha
  1908 | D:3      | Reached XP level 5. HP: 52/53 MP: 4/4
  2261 | D:4      | Reached skill level 5 in Maces & Flails
  2333 | D:4      | Reached XP level 6. HP: 56/61 MP: 5/5
  2863 | D:4      | Found a sacrificial altar of Ru.
  2874 | D:4      | Noticed Blork the orc
  2959 | D:4      | Killed Blork the orc
  2959 | D:4      | Reached skill level 6 in Maces & Flails
  3052 | D:4      | Reached XP level 7. HP: 65/67 MP: 6/6
  3125 | D:5      | Entered Level 5 of the Dungeon
  3250 | D:5      | Reached skill level 7 in Maces & Flails
  3517 | D:5      | Reached XP level 8. HP: 75/78 MP: 7/7
  3864 | D:5      | Reached **** piety under Trog
  3948 | D:6      | Found a shadowy altar of Dithmenos.
  3967 | D:6      | Reached skill level 8 in Maces & Flails
  4060 | D:6      | Slain by an orc warrior

Skill      XL: |  1  2  3  4  5  6  7  8 |
---------------+-------------------------+-----
Maces & Flails | 3 4 5 6 7 8 |  8.0
Armour         | 1 2 |  2.7
Fighting       | 3 4 |  4.1
Dodging        | |  2.4

Action                   |  1- 3 |  4- 6 |  7- 9 || total
-------------------------+-------+-------+-------++-------
Melee: Mace              |   147 |   163 |       ||   310
       Long sword        |       |    14 |    78 ||    92
Invok: Berserk           |       |     1 |     2 ||     3
       Burn Spellbooks   |       |       |     1 ||     1
       Trog's Hand       |       |       |     1 ||     1
  Use: Scroll            |     6 |     6 |     1 ||    13
       Potion            |     2 |     1 |     7 ||    10
 Stab: Sleeping          |     1 |       |       ||     1
  Eat: Chunk             |     7 |    19 |     4 ||    30
       Ration            |       |     1 |     2 ||     3
Armor: Animal skin       |    69 |    87 |    25 ||   181
Dodge: Dodged            |    87 |   143 |    49 ||   279
       Rpst.: Long sword |       |     4 |    15 ||    19
